Map: Para Site LE

Players

SKillous

  • Race: Protoss Protoss
  • League: Grandmaster
  • Spawn Location: 11:00

Lambo - Winner!

  • Race: Zerg Zerg
  • League: Grandmaster
  • Spawn Location: 5:00

VOD

Have the link to the VOD?

Description

Time

  • Played on: Jan. 12, 2019, 3:31 p.m.
  • Length: 22:54
Show
View Real Time Build Order
Export as new Build Order

SKillous Protoss 

Build Orders: 1 Gate Expand, Oracle Opening, Phoenix Opening, Archon Immortal, Archon Drop 

Get SALT Encoding   

  12  0:01  Probe  
  13  0:13  Probe  
  14  0:21  Pylon  
  14  0:25  Probe  
  15  0:36  Probe  
  15  0:41  Gateway  
  16  0:44  Probe  
  16  0:45  Assimilator  
  17  0:54  Probe  
  18  1:06  Probe  
  19  1:18  Probe  
  20  1:25  Nexus  
  20  1:35  Cybernetics Core  
  20  1:38  Probe  
  21  1:47  Assimilator  
  21  1:50  Probe  
  21  1:53  Pylon  
  22  2:02  Probe  
  22  2:03  Adept  
  23  2:14  Probe  
  26  2:19  Stargate  
  26  2:22  Adept  
  26  2:26  Probe  
  26  2:27  Warp Gate  
  29  2:39  Probe x2  
  31  2:47  Probe  
  31  2:48  Adept  
  34  2:52  Probe  
  34  2:56  Phoenix  
  34  2:58  Probe  
  35  3:04  Probe  
  39  3:10  Probe  
  40  3:14  Pylon  
  40  3:16  Probe  
  40  3:19  Oracle  
  41  3:22  Probe  
  45  3:29  Gateway  
  45  3:30  Probe  
  45  3:31  Probe  
  46  3:39  Probe  
  47  3:42  Probe  
  47  3:43  Robotics Facility  
  49  3:48  Probe  
  49  3:53  Assimilator  
  49  3:54  Probe  
  51  3:57  Assimilator  
  51  4:00  Probe  
  51  4:01  Twilight Council  
  52  4:06  Probe  
  53  4:13  Probe  
  53  4:16  Gateway  
  50  4:17  Gateway  
  50  4:18  Probe  
  50  4:20  Charge  
  50  4:22  Warp Prism  
  51  4:25  Probe  
  52  4:32  Gateway x2  
  54  4:43  Templar Archives  
  54  4:47  Pylon  
  54  4:49  Pylon  
  54  5:05  Zealot  
  54  5:06  Zealot  
  58  5:14  Nexus  
  58  5:16  Pylon  
  58  5:18  Pylon  
  60  5:27  Zealot x2  
  64  5:31  High Templar x2  
  64  5:33  High Templar  
  64  5:34  Probe  
  69  5:36  High Templar  
  69  5:37  Archon  
  69  5:38  Probe  
  69  5:40  Archon  
  69  5:42  Forge  
  72  5:44  Immortal  
  72  5:46  Probe, Pylon  
  72  5:49  Zealot x2  
  77  5:50  Probe  
  82  6:02  Protoss Ground Weapons Level 1  
  82  6:07  Zealot x3  
  82  6:09  Probe  
  85  6:12  Zealot x2  
  85  6:16  Probe  
  85  6:17  Probe  
  77  6:26  Probe x2  
  77  6:28  Probe  
  77  6:29  Immortal  
  77  6:32  Zealot x2  
  81  6:40  Probe  
  81  6:43  Sentry x2  
  85  6:55  Probe x2  
  85  6:56  Probe  
  85  7:01  Gateway  
  88  7:02  Gateway  
  88  7:03  Immortal  
  88  7:04  Gateway  
  88  7:05  Gateway  
  88  7:08  Probe  
  89  7:15  High Templar x2, Zealot  
  99  7:17  Pylon  
  99  7:19  Archon  
  99  7:27  High Templar x2, Zealot  
  105  7:39  Protoss Ground Weapons Level 2  
  105  7:41  Observer, Archon, Zealot  
  106  7:47  Gateway  
  106  7:49  Gateway  
  106  7:52  Zealot x3  
  106  7:55  Pylon  
  106  7:57  Pylon  
  112  7:59  Pylon  
  112  8:12  Zealot x2  
  117  8:17  Zealot x6  
  117  8:18  Zealot x2  
  128  8:38  Zealot  
  128  8:39  Zealot x4  
  126  8:42  Zealot x3  
  126  8:43  Zealot x3  
  110  9:00  Zealot x5  
  110  9:01  Zealot  
  106  9:04  Zealot x4  
  106  9:05  Zealot  
  106  9:07  Probe  
  106  9:09  Zealot  
  111  9:12  Probe  
  111  9:16  Probe  
  85  9:25  Probe x2  
  85  9:26  Protoss Ground Weapons Level 3  
  85  9:27  High Templar  
  85  9:28  High Templar x3, Assimilator  
  85  9:29  Sentry x2, High Templar x2  
  85  9:30  Probe  
  100  9:32  Assimilator, Zealot x3  
  100  9:33  Archon x2  
  106  9:39  Archon  
  106  9:42  Zealot  
  108  9:46  Immortal  
  112  9:56  Zealot x4  
  112  9:57  Zealot  
  122  10:05  Zealot  
  122  10:06  Zealot x3  
  130  10:16  Zealot x3  
  136  10:32  High Templar  
  136  10:33  High Templar  
  140  10:36  Pylon  
  140  10:37  Archon  
  140  10:38  Pylon  
  140  10:40  Pylon  
  140  10:50  Probe  
  139  10:58  Zealot x5  
  139  10:59  Zealot x4  
  139  11:00  Zealot  
  139  11:02  Probe  
  139  11:04  Probe  
  147  11:06  Probe  
  142  11:11  Immortal  
  142  11:15  Probe  
  135  11:26  High Templar x2  
  135  11:27  High Templar x4  
  135  11:28  Zealot x6  
  153  11:35  Archon x2  
  153  11:36  Archon  
  153  11:39  Psionic Storm  
  147  11:42  Nexus  
  147  11:45  Protoss Shields Level 1  
  147  11:46  Warp Prism  
  146  12:01  High Templar x2  
  146  12:06  Pylon  
  150  12:08  Probe  
  150  12:09  Immortal, Assimilator  
  150  12:13  Assimilator  
  150  12:14  High Templar  
  150  12:15  High Templar  
  159  12:46  Immortal  
  159  12:47  Zealot x3  
  159  12:48  Zealot x4  
  159  12:49  Zealot  
  170  13:13  Zealot x4  
  174  13:24  Zealot  
  174  13:25  Zealot x7  
  186  13:28  Immortal  
  188  13:35  Pylon  
  188  13:36  Pylon  
  188  13:39  Protoss Shields Level 2  
  172  13:45  Fleet Beacon  
  155  13:49  Stargate  
  155  13:50  Stargate  
  155  13:53  Protoss Air Weapons Level 1  
  131  13:59  Immortal  
  131  14:02  Sentry  
  135  14:13  Pylon  
  135  14:14  Zealot x2  
  135  14:16  Photon Cannon  
  139  14:17  Photon Cannon  
  139  14:18  Shield Battery  
  139  14:21  Photon Cannon  
  139  14:25  High Templar x4  
  139  14:26  High Templar x3  
  139  14:27  High Templar  
  139  14:29  Zealot  
  155  14:32  Archon x2  
  155  14:33  Archon  
  155  14:36  Archon  
  146  14:41  Zealot x3  
  146  14:42  Observer  
  139  14:58  High Templar x4  
  146  15:12  Nexus  
  146  15:16  Archon x2  
  144  15:33  Observer  
  145  15:41  High Templar  
  145  15:42  High Templar  
  149  15:43  High Templar  
  149  15:48  Protoss Ground Armor Level 1  
  149  15:50  Assimilator  
  149  15:53  Assimilator  
  149  15:58  Pylon  
  149  16:07  Oracle  
  146  16:25  Zealot  
  146  16:26  Zealot  
  146  16:27  Zealot x2  
  148  16:51  Pylon  
  148  16:58  Zealot  
  148  17:01  Mothership  
  150  17:09  Probe  
  157  17:16  Immortal, Zealot x4  
  157  17:17  Zealot  
  157  17:18  Zealot x5  
  157  17:19  Zealot x2  
  152  17:37  Zealot x2  
  152  17:38  Zealot x2  
  146  17:52  Zealot x4  
  138  18:20  Blink  
  138  18:34  Probe  
  138  18:35  Probe x2, Pylon  
  138  18:37  Observer  
  137  18:47  Probe x2  
  137  18:48  High Templar x4  
  144  18:49  High Templar x4  
  144  18:52  Archon x2  
  144  18:53  Archon  
  156  18:57  Photon Cannon  
  155  19:08  Probe  
  155  19:09  Cybernetics Core  
  155  19:15  Tempest x2  
  155  19:25  Tempest  
  168  19:36  Zealot x2  
  159  19:48  Tempest  
  164  20:01  Tempest  
  164  20:09  Observer  
  165  20:23  Photon Cannon  
  165  20:49  Nexus  
  165  20:51  Pylon  
  113  21:42  Probe  
  71  21:58  Stalker  
  71  21:59  Stalker x7  
  71  22:00  Stalker x2  
  72  22:18  Probe x3  
  72  22:20  Zealot x2  
  71  22:25  Zealot x4  
  71  22:26  Sentry  
  81  22:32  Zealot  
  55  22:44  Zealot  
  55  22:45  Zealot x3  
Show
View Real Time Build Order
Export as new Build Order

Lambo Zerg - Winner!

Build Orders: Hatch First, Lurkers 

Get SALT Encoding   

  12  0:00  Drone  
  13  0:12  Overlord  
  13  0:17  Drone  
  14  0:30  Drone x2  
  16  0:47  Hatchery  
  15  0:51  Drone  
  15  0:54  Drone  
  17  0:57  Drone  
  18  1:07  Extractor  
  17  1:13  Spawning Pool  
  17  1:15  Drone  
  17  1:18  Drone  
  18  1:27  Drone  
  19  1:45  Drone  
  20  1:57  Overlord  
  20  1:59  Queen x2  
  20  2:00  Zergling x4  
  26  2:08  Metabolic Boost  
  26  2:11  Drone  
  26  2:12  Drone  
  28  2:21  Drone  
  28  2:22  Drone  
  30  2:34  Hatchery  
  29  2:38  Drone  
  29  2:41  Drone  
  31  2:45  Drone  
  31  2:46  Overlord  
  32  2:52  Queen  
  34  3:02  Drone x2  
  36  3:06  Drone x2  
  36  3:08  Drone  
  36  3:09  Drone x2  
  36  3:12  Overlord  
  41  3:16  Drone  
  42  3:21  Drone  
  42  3:26  Overlord  
  42  3:36  Drone x3  
  42  3:38  Queen  
  47  3:42  Spore Crawler  
  47  3:45  Drone  
  47  3:47  Queen  
  47  3:48  Drone x3  
  51  3:52  Zergling x4  
  54  4:00  Drone x3  
  54  4:02  Spore Crawler  
  53  4:04  Drone  
  52  4:14  Drone x5  
  54  4:19  Drone x2  
  54  4:23  Drone x2  
  56  4:29  Drone  
  56  4:30  Overlord  
  57  4:34  Roach Warren  
  57  4:37  Overlord  
  56  4:44  Drone  
  57  4:47  Lair  
  57  4:48  Queen  
  57  4:50  Drone x2  
  57  4:51  Extractor x2  
  57  4:52  Drone x2  
  61  4:55  Zergling x4  
  61  4:56  Drone  
  61  4:58  Drone  
  61  4:59  Drone  
  66  5:01  Drone x2  
  66  5:04  Drone x2  
  70  5:07  Drone  
  70  5:08  Drone x2  
  70  5:14  Overlord x2  
  73  5:22  Overlord  
  73  5:23  Evolution Chamber  
  72  5:30  Roach  
  72  5:31  Overlord x2  
  72  5:34  Overlord  
  82  5:35  Roach x4  
  82  5:39  Roach x2  
  82  5:41  Overlord  
  86  5:43  Roach  
  86  5:45  Glial Reconstitution  
  87  5:51  Roach x2  
  87  5:52  Roach x2  
  87  5:54  Zerg Missile Weapons Level 1  
  87  5:55  Roach  
  97  5:59  Overlord  
  97  6:01  Overlord  
  97  6:03  Roach  
  98  6:10  Overlord  
  93  6:12  Roach  
  93  6:13  Roach x3  
  93  6:15  Roach  
  99  6:22  Roach x2  
  99  6:23  Overlord  
  93  6:28  Overlord  
  93  6:29  Roach  
  87  6:33  Roach x2  
  87  6:35  Ravager  
  92  6:41  Drone x3  
  92  6:44  Queen  
  97  6:49  Drone x3  
  100  6:56  Extractor  
  100  6:57  Extractor  
  100  6:58  Drone x2  
  100  6:59  Drone  
  100  7:00  Hydralisk Den  
  100  7:01  Extractor  
  100  7:02  Drone x3  
  100  7:03  Drone x3  
  100  7:07  Drone  
  106  7:11  Hatchery  
  106  7:14  Drone x2  
  105  7:40  Queen  
  105  7:42  Hydralisk x9, Grooved Spines  
  125  7:51  Overlord  
  125  7:56  Roach x7  
  125  7:57  Ravager  
  139  8:02  Roach x3  
  139  8:05  Overlord  
  144  8:06  Roach x2  
  144  8:10  Ravager  
  144  8:11  Roach  
  151  8:16  Overlord  
  151  8:17  Overlord  
  151  8:19  Roach x3  
  157  8:21  Ravager  
  157  8:22  Roach  
  157  8:24  Roach  
  157  8:25  Roach  
  166  8:27  Roach  
  166  8:31  Roach x3  
  170  8:34  Overlord  
  170  8:37  Overlord  
  170  8:40  Roach  
  170  8:41  Roach x2  
  162  8:43  Roach  
  162  8:46  Hydralisk  
  162  8:47  Roach  
  150  8:52  Roach  
  150  8:53  Roach x2  
  140  8:56  Roach x2  
  140  8:58  Roach  
  140  9:01  Roach x2  
  138  9:04  Roach  
  138  9:06  Hydralisk  
  134  9:10  Roach x2  
  134  9:12  Roach  
  134  9:15  Hydralisk  
  134  9:16  Roach  
  134  9:21  Hydralisk x2  
  118  9:36  Queen  
  118  9:37  Hydralisk x2, Drone x2  
  126  9:41  Zerg Missile Weapons Level 2  
  126  9:44  Ravager  
  127  9:49  Zergling x2  
  127  9:51  Drone  
  127  9:52  Lurker Den, Drone  
  129  9:54  Hydralisk x2  
  129  9:55  Roach  
  129  9:58  Overseer  
  135  10:08  Extractor  
  135  10:10  Extractor  
  135  10:11  Hydralisk x3  
  135  10:12  Hydralisk  
  141  10:15  Hydralisk  
  141  10:20  Hydralisk x2  
  147  10:29  Roach x6  
  147  10:32  Overlord  
  147  10:33  Roach x2  
  164  10:37  Roach x3  
  164  10:42  Roach x3  
  176  10:52  Extractor  
  176  10:55  Roach x4  
  180  11:08  Hydralisk x3  
  162  11:12  Hydralisk x5  
  162  11:18  Hydralisk x2  
  155  11:24  Overlord  
  149  11:34  Drone x3  
  149  11:35  Drone x7  
  149  11:37  Queen  
  161  11:41  Lurker x2  
  161  11:42  Extractor  
  161  11:43  Lurker  
  163  11:48  Roach x2  
  163  11:51  Roach x2  
  163  11:53  Drone x2  
  173  11:54  Drone  
  173  11:58  Drone x3  
  177  12:01  Roach  
  177  12:08  Roach x3  
  185  12:13  Spine Crawler  
  184  12:17  Lurker x3  
  184  12:20  Muscular Augments  
  187  12:27  Lurker x2  
  187  12:29  Drone x2  
  191  12:34  Drone  
  191  12:36  Infestation Pit  
  188  12:39  Overseer  
  188  12:40  Pneumatized Carapace  
  188  12:42  Hatchery, Hydralisk x2  
  188  12:43  Hydralisk  
  193  12:51  Hydralisk x3  
  193  12:54  Hydralisk  
  199  13:18  Overlord  
  199  13:19  Overlord  
  195  13:32  Hive  
  189  13:35  Hydralisk x7  
  189  13:40  Hydralisk x2  
  199  13:47  Roach x8  
  199  13:48  Roach  
  187  13:56  Hydralisk x2  
  187  14:00  Hydralisk  
  189  14:07  Queen  
  189  14:09  Hydralisk x2  
  195  14:13  Overseer  
  195  14:20  Lurker x4  
  199  14:28  Overlord  
  199  14:33  Overlord  
  199  14:34  Overlord  
  177  14:58  Drone x3  
  177  14:59  Drone x9  
  189  15:04  Adaptive Talons  
  189  15:06  Spire  
  188  15:13  Spine Crawler  
  187  15:15  Spine Crawler  
  187  15:16  Extractor, Spine Crawler  
  187  15:18  Hydralisk x3  
  183  15:38  Extractor  
  183  15:42  Drone x3  
  185  15:48  Hatchery  
  184  16:08  Evolution Chamber  
  180  16:38  Greater Spire  
  180  16:47  Drone x2  
  180  16:48  Zerg Missile Weapons Level 3, Drone  
  183  16:59  Extractor  
  183  17:01  Lurker x11, Hydralisk x2  
  193  17:02  Extractor  
  193  17:06  Hydralisk x2  
  193  17:07  Hatchery  
  199  17:29  Corruptor  
  199  17:34  Overlord  
  189  17:50  Corruptor  
  189  17:51  Corruptor x3  
  171  18:01  Corruptor x2  
  171  18:02  Corruptor  
  174  18:12  Overseer  
  159  18:18  Drone x6  
  161  18:30  Extractor  
  161  18:33  Brood Lord x3, Extractor  
  163  18:42  Brood Lord  
  163  18:43  Drone x2  
  163  18:44  Drone x3  
  163  18:48  Overseer  
  170  19:01  Brood Lord x2  
  171  19:07  Brood Lord  
  173  19:12  Drone x3  
  173  19:13  Spore Crawler, Drone x4  
  173  19:14  Spine Crawler  
  173  19:15  Spine Crawler x2  
  176  19:32  Brood Lord  
  176  19:36  Overseer  
  175  19:41  Overseer  
  175  19:43  Overseer  
  175  19:44  Pathogen Glands  
  175  19:45  Drone x3  
  175  19:55  Overseer  
  175  20:05  Hatchery  
  174  20:25  Extractor x2  
  174  20:27  Zerg Flyer Weapons Level 1  
  172  20:29  Zerg Melee Weapons Level 1  
  172  20:33  Drone  
  171  20:39  Overseer  
  171  20:41  Neural Parasite  
  169  20:43  Overseer x2  
  169  20:48  Infestor x6  
  181  20:53  Drone x2  
  183  21:00  Infestor  
  181  21:18  Spore Crawler, Infestor  
  181  21:19  Spore Crawler  
  181  21:22  Overseer  
  162  21:36  Hydralisk x6  
  162  21:37  Zergling x38  
  162  21:38  Zergling x10  
  165  21:41  Hydralisk x3  
  165  21:44  Hydralisk, Zergling x2  
  165  21:45  Zergling x12  
  151  21:48  Hydralisk x2  
  136  21:56  Hydralisk x3  
  136  22:00  Hydralisk x2  
  137  22:04  Zergling x2  
  138  22:10  Hydralisk x3  
  143  22:15  Hydralisk  
  143  22:16  Hydralisk  
  147  22:24  Hydralisk x4  
  152  22:35  Overseer  
Tags
 
Add a new tag
Caveats
  • Supply blocks, unpowered buildings, or Contaminate may cause inaccurate times.
  • Supply counts are checked every 10 seconds.